 Dungeon Crawl Stone Soup version 0.26-a0-597-gb535b0901c (webtiles) character file.

Game seed: 6378176749006066169

2368 kae the Basher (level 9, -9/71 HPs)
             Began as a Demonspawn Gladiator on Aug 27, 2020.
             Mangled by Grum
             ... wielding a +1 spear
              (18 damage)
             ... on level 8 of the Dungeon.
             The game lasted 00:07:51 (8861 turns).

kae the Basher (Demonspawn Gladiator)               Turns: 8861, Time: 00:07:51

Health: -9/71      AC:  9    Str: 17    XL:     9   Next: 21%
Magic:  9/9        EV: 15    Int: 10    God:
Gold:   166        SH:  0    Dex: 15    Spells: 8/8 levels left

rFire    . . .     SeeInvis .   a - +0 flail
rCold    . . .     Faith    .   (no shield)
rNeg     . . .     Spirit   .   b - +0 leather armour
rPois    .         Reflect  .   t - +2 helmet
rElec    .         Harm     .   (no cloak)
rCorr    .                      s - +2 pair of gloves
MR       .....                  (no boots)
Stlth    ++........             (no amulet)
HPRegen  0.21/turn              n - ring of stealth
MPRegen  0.11/turn              (no ring)

@: no status effects
A: hooves 2, demonic guardian 1
a: no special abilities


You were on level 8 of the Dungeon.
You visited 2 branches of the dungeon, and saw 9 of its levels.

You collected 331 gold pieces.
You spent 165 gold pieces at shops.

Inventory:

Hand Weapons
 a - a +0 flail (weapon)
Missiles
 d - 3 throwing nets (quivered)
Armour
 b - a +0 leather armour (worn)
 s - a +2 pair of gloves (worn)
 t - a +2 helmet (worn)
Jewellery
 n - a ring of stealth (left hand)
Wands
 c - a wand of polymorph (4)
 m - a wand of disintegration (24)
 p - a wand of random effects (24)
Scrolls
 i - 5 scrolls of teleportation
 l - 5 scrolls of remove curse
 q - 2 scrolls of enchant armour
 x - a scroll of holy word {unknown}
 y - a scroll of fear
Potions
 e - 2 potions of heal wounds
 f - 2 potions of curing
 g - a potion of berserk rage
 h - 2 potions of flight
 j - 3 potions of ambrosia
 k - 2 potions of haste
 o - 2 potions of brilliance {unknown}
 r - 2 potions of cancellation {unknown}
 u - a potion of resistance {unknown}
 v - a potion of mutation
 w - a potion of lignification


   Skills:
 + Level 6.4 Fighting
 * Level 8.6 Maces & Flails
 - Level 1.7 Throwing
 + Level 6.2 Dodging


You had 8 spell levels left.
You didn't know any spells.
Your spell library contained the following spells:

 Spells                   Type           Power        Failure   Level
 Animate Skeleton         Necr           #.....       43%         1
 Pain                     Necr           #...         43%         1
 Vampiric Draining        Necr           #.........   80%         3
 Animate Dead             Necr           #.........   99%         4
 Agony                    Necr           #.......     100%        5


Dungeon Overview and Level Annotations

Branches:
Dungeon (8/15)             Temple (1/1) D:7
   Lair: D:8-11

Altars:
Ashenzari
Dithmenos
Elyvilon
Fedhas
Hepliaklqana
Nemelex Xobeh
Okawaru
Qazlal
Sif Muna
Uskayaw
Vehumet
Wu Jian
Xom
Zin
The Shining One

Shops:
D:4 :   D:6 !

Annotations:
D:7 exclusions: ogre and water moccasin
D:8 Grum


Innate Abilities, Weirdness & Mutations

You have hoof-like feet.
A weak demonic guardian rushes to your aid.


Message History

Your ufetubus closely misses Grum.
Things that are here:
15 gold pieces; a wolf corpse You barely miss Grum.
Your kick misses Grum. Grum misses you.
Your ufetubus closely misses Grum.
Your ufetubus hits Grum but does no damage.
You hit Grum. You kick Grum.
Grum is moderately wounded.
Grum barely misses you.
Your ufetubus hits Grum.
Your ufetubus barely misses Grum.
You hit Grum but do no damage. You kick Grum.
Grum is heavily wounded.
Grum hits you with a +1 spear!
* * * LOW HITPOINT WARNING * * *
Your ufetubus hits Grum. x2
You hit Grum but do no damage. Your kick misses Grum.
Grum is heavily wounded.
Your ufetubus barely misses Grum.
Your ufetubus closely misses Grum.
Grum hits you with a +1 spear!!
You die...

####.#
........>......
<....#
######8..##.###
#....#
+........# #
.....#
+........# ##
.....#
+........# ..#
..##.#
######8..##.#
.....#
.........#..#
.....#
.......5..#
..#..##
########@†##
..##...
.......g5.#
.......
.....#.5#.#
..##.#
###....##.# .##
#..## #.# .# ..
#.. #(# )# ...
#. #.. .####...
# ##. ..(.....
.


You could see Grum, a friendly quasit (summoned), a friendly white imp
(summoned) and a friendly ufetubus (summoned).

Vanquished Creatures
  A sky beast (D:6)
  2 phantoms
  2 ogres
  A wolf (D:8)
  2 centaurs
  5 bullfrogs
  A big kobold (D:8)
  5 wights (D:7)
  3 howler monkeys
  A centaur zombie (D:8)
  2 hounds
  A centaur skeleton (D:7)
  4 orc priests
  A bullfrog zombie (D:6)
  A jelly (D:5)
  A bullfrog skeleton (D:5)
  Ijyb (D:5)
  An iguana (D:6)
  Natasha (D:3)
  An orc wizard (D:5)
  10 worker ants
  A howler monkey skeleton (D:6)
  9 adders
  2 shadow imps
  An ooze (D:3)
  2 worms
  4 leopard geckos
  9 orcs
  2 ball pythons
  3 bats
  6 giant cockroaches
  9 goblins
  7 hobgoblins
  5 jackals
  16 kobolds
  2 quokkas
  5 frilled lizards
  A quokka skeleton (D:4)
  12 rats
143 creatures vanquished.

Vanquished Creatures (collateral kills)
  A black bear (D:8)
  A wolf (D:8)
  2 scorpions (D:4)
  2 orc wizards
  A centaur skeleton (D:5)
  An iguana (D:5)
  A hobgoblin (D:3)
  A frilled lizard (D:2)
10 creatures vanquished.

Grand Total: 153 creatures vanquished

Notes
Turn   | Place    | Note
-------+----------+-------------------------------------------
     0 | D:1      | kae the Demonspawn Gladiator began the quest for the Orb.
     0 | D:1      | Reached XP level 1. HP: 16/16 MP: 1/1
   216 | D:1      | Reached skill level 3 in Maces & Flails
   277 | D:1      | Gained mutation: A weak demonic guardian rushes to your
                  | aid. [demonic ancestry]
   277 | D:1      | Reached XP level 2. HP: 20/22 MP: 2/2
  1162 | D:1      | Reached XP level 3. HP: 19/28 MP: 3/3
  2126 | D:2      | Reached XP level 4. HP: 34/34 MP: 4/4
  2360 | D:2      | Reached skill level 4 in Maces & Flails
  2709 | D:3      | Noticed Natasha
  2720 | D:3      | Killed Natasha
  2720 | D:3      | Reached XP level 5. HP: 26/41 MP: 5/5
  3317 | D:3      | You fall into a shaft and drop 2 floors!
  3317 | D:5      | Entered Level 5 of the Dungeon
  3343 | D:5      | Reached XP level 6. HP: 22/47 MP: 6/6
  3577 | D:4      | Reached skill level 5 in Maces & Flails
  3817 | D:4      | Found Nuarao Nifo's Book Shop.
  4207 | D:4      | Found a radiant altar of Vehumet.
  4210 | D:4      | Found a glowing silver altar of Zin.
  4213 | D:4      | Found a blossoming altar of Fedhas.
  4615 | D:5      | Noticed Ijyb
  4627 | D:5      | Gained mutation: You have large cloven feet. [demonic
                  | ancestry]
  4627 | D:5      | Reached XP level 7. HP: 49/54 MP: 7/7
  4635 | D:5      | Killed Ijyb
  5474 | D:5      | Reached skill level 6 in Maces & Flails
  5724 | D:5      | Found a shadowy altar of Dithmenos.
  6003 | D:6      | Reached skill level 5 in Dodging
  6003 | D:6      | Reached XP level 8. HP: 54/61 MP: 8/8
  6087 | D:6      | Found Somon's Distillery.
  6092 | D:6      | You fall into a shaft and drop 1 floor!
  6151 | D:6      | Reached skill level 5 in Fighting
  6273 | D:6      | Bought a potion of mutation for 120 gold pieces
  6273 | D:6      | Bought a potion of lignification for 45 gold pieces
  6435 | D:6      | Reached skill level 7 in Maces & Flails
  6955 | D:7      | Found a staircase to the Ecumenical Temple.
  7938 | D:5      | Reached skill level 8 in Maces & Flails
  8023 | D:7      | Gained mutation: You have hoof-like feet. [demonic
                  | ancestry]
  8023 | D:7      | Reached XP level 9. HP: 54/69 MP: 9/9
  8137 | Temple   | Entered the Ecumenical Temple
  8841 | D:8      | Noticed Grum
  8861 | D:8      | Mangled by Grum

Illustrated notes

Levels and vault maps discovered:
D:1:      lemuel_arrival_hallway, layout_loops_corners
D:2:      layout_loops_ring
D:3:      layout_basic, lemuel_crystal_altar, gammafunk_temple_overflow_wave,
          uniq_natasha
D:4:      layout_loops_ring, grunt_temple_overflow_diamond, serial_shops,
          nicolae_shop_stone
D:5:      layout_rooms, small_statue_intersection, grunt_dithmenos_smoke,
          uniq_ijyb
D:6:      layout_cave_pods, serial_glass, glass_columns_c, glass_columns_b,
          serial_shops, shop_fountains
D:7:      layout_rooms, minmay_temple_entry_stoned_glass
D:8:      layout_loops_ring, lemuel_doored_altar,
          lemuel_zombie_altar_yredelemnul, nicolae_gozag_seed_capital,
          basic_altar, guppyfry_early_elven_hall, uniq_grum
Temple:   nicolae_temple_hex_pool

Skill      XL: |  1  2  3  4  5  6  7  8 |
---------------+-------------------------+-----
Maces & Flails | 3 4 5 6 8 |  8.6
Dodging        | 3 4 5 6 |  6.2
Fighting       | 3 4 6 |  6.4
Throwing       | |  1.7

Action                   |  1- 3 |  4- 6 |  7- 9 || total
-------------------------+-------+-------+-------++-------
Melee: Flail             |   142 |   179 |   274 ||   595
       Kick              |       |       |    93 ||    93
       Unarmed           |       |       |     2 ||     2
  Use: Scroll            |       |     9 |     8 ||    17
       Potion            |       |       |     1 ||     1
 Stab: Distracted        |       |     3 |     1 ||     4
       Sleeping          |       |     7 |     2 ||     9
Armor: Leather armour    |    39 |    44 |    63 ||   146
Dodge: Dodged            |   103 |   146 |   199 ||   448

Table legend: (Time is in decaauts)
 A = Elapsed time spent in this place.
 B = Non-inter-level travel time spent in this place.
 C = Inter-level travel time spent in this place.
 D = Time resting spent in this place.
 E = Time spent auto-exploring this place.
 F = Levels seen in this place.
 G = Mean time per level.
                   A        B        C        D        E       F      G
               +--------+--------+--------+--------+--------+-----+--------+
         Total |   8959 |   8140 |    819 |   2027 |   4797 |   9 |  995.4 |
       Dungeon |   8823 |   8061 |    762 |   2027 |   4721 |   8 | 1102.9 |
        Temple |    135 |     79 |     56 |      0 |     76 |   1 |  135.0 |
               +--------+--------+--------+--------+--------+-----+--------+

Top non-repeatable levels by time:
     D:1: 1770 daAuts
     D:4: 1683 daAuts
     D:7: 1271 daAuts
     D:6: 1170 daAuts
     D:2: 1134 daAuts
     D:5: 1133 daAuts
     D:3: 475 daAuts
     D:8: 183 daAuts
  Temple: 135 daAuts
